[ AOE2 MATCH · #493757641 ]
UnrankedKoreans vs Khmer
Player's team · LOSS
[ REPLAY ANALYSIS · EXTRACTED FROM THE RECORDED GAME ]
Feudal
9:21
Castle
20:49
Imperial
—
| APM avg | 31.1 |
| APM peak | 80 |
| eAPM avg | 18.8 |
| Villagers / military | 93 / 28 |
Focus
⚔️ 25.3% · 🌾 74.7%
Archer ×26 · Scorpion ×1 · Iron Pagoda ×1
Feudal
10:07
Castle
13:22
Imperial
41:58
| APM avg | 41.6 |
| APM peak | 81 |
| eAPM avg | 20.9 |
| Villagers / military | 156 / 83 |
Focus
⚔️ 21.7% · 🌾 78.3%
Scout Cavalry ×45 · Battering Ram ×15 · Scorpion ×10 · Mangonel ×7 · Monk ×4 · Trebuchet (Packed) ×2
Feudal
9:49
Castle
14:44
Imperial
—
| APM avg | 61.8 |
| APM peak | 123 |
| eAPM avg | 28.1 |
| Villagers / military | 164 / 90 |
Focus
⚔️ 37.7% · 🌾 62.3%
Scout Cavalry ×38 · Camel Scout ×26 · Ghulam ×14 · Monk ×6 · Mangonel ×4 · Armored Elephant ×2
Feudal
14:13
Castle
24:57
Imperial
39:55
| APM avg | 29.4 |
| APM peak | 78 |
| eAPM avg | 14.8 |
| Villagers / military | 102 / 64 |
Focus
⚔️ 43.2% · 🌾 56.8%
Unknown (2550) ×88 · Spearman ×64
Feudal
34:02
Castle
—
Imperial
—
| APM avg | 27.5 |
| APM peak | 58 |
| eAPM avg | 14.8 |
| Villagers / military | 83 / 0 |
Focus
⚔️ 27.4% · 🌾 72.6%
Feudal
11:10
Castle
14:23
Imperial
44:10
| APM avg | 58.7 |
| APM peak | 97 |
| eAPM avg | 17.7 |
| Villagers / military | 104 / 47 |
Focus
⚔️ 21.6% · 🌾 78.4%
Knight ×38 · Battle Elephant ×7 · Mangonel ×2
Feudal
10:51
Castle
14:45
Imperial
—
| APM avg | 20.3 |
| APM peak | 49 |
| eAPM avg | 11.6 |
| Villagers / military | 49 / 32 |
Focus
⚔️ 30.1% · 🌾 69.9%
Knight ×15 · Mangonel ×8 · Ballista Elephant ×5 · Scorpion ×4
Feudal
—
Castle
—
Imperial
—
| APM avg | 21.1 |
| APM peak | 73 |
| eAPM avg | 8.6 |
| Villagers / military | 33 / 2 |
Focus
⚔️ 13.9% · 🌾 86.1%
Militia ×2
Match map
Initial resources + every placement click. Lines = walls · curves = elevation contours. ◆ gold · ⬟ stone · ● berries · ✦ relic · ◌ wall gap
Your base· ✓ Closed at 20:49 · 17t walls · 4 gate(s)
Aspirante's base· ✓ Closed at 13:22 · 0t walls · 3 gate(s)
CTM | Benja FC's base· ✓ Closed at 14:44 · 0t walls · 2 gate(s)
Great White Shark's base· ✓ Closed at 24:57 · 0t walls · 3 gate(s)
CTM | SamDestroyer's base· ✓ Closed at 12:00 · 0t walls · 3 gate(s)
Nameho's base· ✓ Closed at 14:23 · 0t walls · 3 gate(s)
CTM | Franco*'s base· ✓ Closed at 14:45 · 0t walls · 3 gate(s)
`Szadek-'s base· ✓ Closed at 12:00 · 0t walls · 2 gate(s)
Smoothed initial terrain · ◌ = detected wall gap · hover for details
Inputs per minute
— PSX | King - - Aspirante
Build order — PSX | King
First 150 of 245 actions detected
| 0:01 | Create | Villager (Male) |
| 0:02 | Create | Villager (Male) |
| 0:03 | Build | House |
| 0:05 | Build | House |
| 0:16 | Create | Villager (Male) |
| 0:16 | Create | Villager (Male) |
| 0:16 | Create | Villager (Male) |
| 1:33 | Create | Villager (Male) |
| 1:47 | Create | Villager (Male) |
| 1:48 | Create | Villager (Male) |
| 2:06 | Build | Lumber Camp |
| 2:09 | Create | Villager (Male) |
| 2:10 | Create | Villager (Male) |
| 2:54 | Create | Villager (Male) |
| 2:54 | Create | Villager (Male) |
| 2:55 | Create | Villager (Male) |
| 2:55 | Create | Villager (Male) |
| 3:15 | Create | Villager (Male) |
| 3:15 | Create | Villager (Male) |
| 3:44 | Build | House |
| 3:51 | Build | Mill |
| 3:58 | Create | Villager (Male) |
| 4:30 | Create | Villager (Male) |
| 4:53 | Create | Villager (Male) |
| 5:11 | Create | Villager (Male) |
| 5:53 | Create | Villager (Male) |
| 5:55 | Research | Loom |
| 5:58 | Create | Villager (Male) |
| 6:03 | Research | Loom |
| 7:11 | Research | Feudal Age |
| 7:11 | Research | Feudal Age |
| 7:54 | Build | Mining Camp |
| 7:56 | Build | House |
| 8:00 | Create | Villager (Male) |
| 9:15 | Create | Villager (Male) |
| 9:21 | Age | Feudal Age |
| 9:38 | Create | Villager (Male) |
| 10:15 | Create | Villager (Male) |
| 10:26 | Build | Palisade Wall |
| 10:27 | Build | Palisade Wall |
| 10:48 | Create | Villager (Male) |
| 11:07 | Build | Palisade Wall |
| 11:08 | Build | Palisade Wall |
| 11:09 | Build | Palisade Wall |
| 11:09 | Build | Palisade Wall |
| 11:12 | Create | Villager (Male) |
| 11:26 | Build | Palisade Wall |
| 11:26 | Build | Palisade Wall |
| 11:29 | Build | Palisade Wall |
| 11:30 | Build | Palisade Wall |
| 11:31 | Build | Palisade Wall |
| 11:35 | Create | Villager (Male) |
| 11:57 | Create | Villager (Male) |
| 12:17 | Build | Blacksmith |
| 12:23 | Build | Market |
| 12:27 | Create | Villager (Male) |
| 12:33 | Build | Mining Camp |
| 12:52 | Build | Farm |
| 13:11 | Create | Villager (Male) |
| 13:13 | Build | Farm |
| 13:37 | Build | Gate |
| 13:39 | Create | Villager (Male) |
| 13:51 | Build | House |
| 13:58 | Research | Town Watch |
| 14:03 | Build | House |
| 14:04 | Build | House |
| 14:11 | Create | Villager (Male) |
| 14:14 | Build | Farm |
| 14:16 | Build | Farm |
| 14:58 | Create | Villager (Male) |
| 15:01 | Build | Farm |
| 15:27 | Create | Villager (Male) |
| 15:30 | Build | Farm |
| 15:55 | Create | Villager (Male) |
| 15:57 | Build | Farm |
| 16:24 | Build | Watch Tower |
| 16:26 | Build | House |
| 16:29 | Build | Stone Wall |
| 16:32 | Create | Villager (Male) |
| 16:37 | Build | Farm |
| 16:43 | Build | Palisade Wall |
| 16:45 | Build | Stone Wall |
| 16:47 | Build | Stone Wall |
| 16:51 | Build | Palisade Wall |
| 17:32 | Create | Villager (Male) |
| 17:49 | Build | House |
| 17:56 | Build | Stone Wall |
| 17:58 | Build | Stone Wall |
| 18:09 | Research | Castle Age |
| 18:09 | Research | Castle Age |
| 18:15 | Build | House |
| 18:30 | Create | Villager (Male) |
| 18:40 | Create | Villager (Male) |
| 20:33 | Build | House |
| 20:49 | Age | Castle Age |
| 20:56 | Build | Town Center |
| 23:51 | Create | Villager (Male) |
| 23:52 | Create | Villager (Male) |
| 23:52 | Create | Villager (Male) |
| 23:52 | Create | Villager (Male) |
| 24:24 | Build | House |
| 24:27 | Build | House |
| 24:29 | Build | House |
| 24:36 | Research | Wheelbarrow |
| 25:22 | Build | Farm |
| 25:22 | Build | Farm |
| 25:23 | Build | Farm |
| 25:25 | Build | Farm |
| 25:25 | Build | Farm |
| 25:35 | Build | Farm |
| 26:06 | Build | Farm |
| 26:07 | Build | Farm |
| 26:13 | Build | Farm |
| 26:15 | Create | Villager (Male) |
| 26:20 | Build | House |
| 26:44 | Create | Villager (Male) |
| 26:44 | Create | Villager (Male) |
| 26:50 | Build | Farm |
| 26:51 | Build | Farm |
| 26:54 | Build | Farm |
| 27:00 | Create | Villager (Male) |
| 27:11 | Build | House |
| 27:12 | Build | House |
| 27:13 | Create | Villager (Male) |
| 27:48 | Create | Villager (Male) |
| 27:49 | Create | Villager (Male) |
| 27:51 | Build | Farm |
| 27:53 | Build | Farm |
| 27:57 | Create | Villager (Male) |
| 28:49 | Build | Farm |
| 28:50 | Create | Villager (Male) |
| 29:29 | Create | Villager (Male) |
| 29:35 | Build | House |
| 29:36 | Build | House |
| 29:40 | Build | Siege Workshop |
| 29:48 | Create | Villager (Male) |
| 30:12 | Create | Villager (Male) |
| 30:16 | Build | Lumber Camp |
| 30:28 | Create | Villager (Male) |
| 30:30 | Build | House |
| 30:31 | Build | House |
| 30:39 | Create | Villager (Male) |
| 31:20 | Build | Market |
| 31:26 | Build | Market |
| 31:29 | Research | Double-Bit Axe |
| 31:29 | Research | Double-Bit Axe |
| 31:34 | Create | Villager (Male) |
| 31:51 | Create | Villager (Male) |
| 32:00 | Create | Iron Pagoda |
| 32:04 | Research | Bow Saw |
Build order — Aspirante
First 150 of 344 actions detected
| 0:01 | Create | Villager (Male) |
| 0:02 | Create | Villager (Male) |
| 0:02 | Create | Villager (Male) |
| 0:02 | Create | Villager (Male) |
| 0:04 | Build | House |
| 0:06 | Build | House |
| 1:24 | Create | Villager (Male) |
| 1:24 | Create | Villager (Male) |
| 1:59 | Create | Villager (Male) |
| 2:00 | Create | Villager (Male) |
| 2:00 | Create | Villager (Male) |
| 2:49 | Build | Lumber Camp |
| 2:51 | Create | Villager (Male) |
| 3:11 | Build | House |
| 3:22 | Create | Villager (Male) |
| 3:22 | Create | Villager (Male) |
| 3:23 | Create | Villager (Male) |
| 4:09 | Create | Villager (Male) |
| 4:09 | Create | Villager (Male) |
| 4:10 | Create | Villager (Male) |
| 4:10 | Create | Villager (Male) |
| 4:48 | Create | Villager (Male) |
| 4:48 | Create | Villager (Male) |
| 4:55 | Create | Villager (Male) |
| 4:55 | Create | Villager (Male) |
| 5:07 | Build | Mill |
| 5:28 | Create | Villager (Male) |
| 5:29 | Create | Villager (Male) |
| 5:41 | Build | House |
| 5:59 | Create | Villager (Male) |
| 6:19 | Create | Villager (Male) |
| 6:49 | Research | Loom |
| 7:02 | Build | Mining Camp |
| 7:13 | Research | Feudal Age |
| 10:07 | Age | Feudal Age |
| 10:42 | Research | Castle Age |
| 12:08 | Build | House |
| 12:25 | Create | Villager (Male) |
| 12:25 | Create | Villager (Male) |
| 12:25 | Create | Villager (Male) |
| 12:42 | Build | House |
| 13:22 | Age | Castle Age |
| 13:25 | Build | Siege Workshop |
| 14:06 | Build | Siege Workshop |
| 14:07 | Create | Battering Ram |
| 14:45 | Create | Scorpion |
| 14:51 | Create | Scorpion |
| 15:07 | Create | Scorpion ×2 |
| 15:20 | Create | Scorpion |
| 15:41 | Create | Scorpion |
| 16:12 | Create | Scorpion ×2 |
| 16:15 | Create | Villager (Male) |
| 16:15 | Create | Villager (Male) |
| 16:15 | Create | Villager (Male) |
| 17:03 | Create | Mangonel |
| 17:29 | Build | Monastery |
| 17:32 | Create | Villager (Male) |
| 17:53 | Create | Scorpion ×2 |
| 18:13 | Create | Monk |
| 18:14 | Create | Monk |
| 18:14 | Create | Monk |
| 18:56 | Create | Battering Ram |
| 18:56 | Create | Battering Ram |
| 19:02 | Build | House |
| 19:20 | Create | Battering Ram |
| 19:25 | Build | House |
| 19:49 | Create | Monk |
| 20:20 | Build | House |
| 21:07 | Build | House |
| 21:19 | Create | Villager (Male) |
| 21:19 | Create | Villager (Male) |
| 21:19 | Create | Villager (Male) |
| 21:19 | Create | Villager (Male) |
| 21:20 | Create | Villager (Male) |
| 21:20 | Create | Villager (Male) |
| 21:25 | Build | Town Center |
| 21:30 | Build | Farm |
| 21:31 | Build | Farm |
| 21:32 | Build | Farm |
| 22:27 | Build | Farm |
| 22:31 | Build | Farm |
| 22:32 | Build | Farm |
| 22:51 | Build | House |
| 23:23 | Create | Villager (Male) |
| 23:25 | Create | Villager (Male) |
| 23:25 | Create | Villager (Male) |
| 23:26 | Build | Farm |
| 23:27 | Build | Farm |
| 23:29 | Build | Farm |
| 23:31 | Build | Farm |
| 23:32 | Build | Farm |
| 23:41 | Create | Villager (Male) |
| 24:05 | Create | Villager (Male) |
| 24:09 | Build | House |
| 24:10 | Build | House |
| 24:12 | Build | House |
| 24:13 | Build | House |
| 24:19 | Build | House |
| 24:28 | Build | House |
| 24:33 | Create | Villager (Male) |
| 24:33 | Create | Villager (Male) |
| 24:45 | Build | Town Center |
| 24:50 | Create | Villager (Male) |
| 25:58 | Create | Villager (Male) |
| 25:58 | Create | Villager (Male) |
| 25:59 | Create | Villager (Male) |
| 25:59 | Create | Villager (Male) |
| 26:02 | Build | House |
| 26:03 | Build | House |
| 26:04 | Create | Villager (Male) |
| 26:04 | Create | Villager (Male) |
| 26:51 | Build | Siege Workshop |
| 27:47 | Create | Mangonel |
| 27:47 | Create | Mangonel |
| 28:01 | Build | House |
| 28:04 | Create | Villager (Male) |
| 28:04 | Create | Villager (Male) |
| 28:05 | Create | Villager (Male) |
| 28:05 | Create | Villager (Male) |
| 28:09 | Build | Farm |
| 28:10 | Build | Farm |
| 28:11 | Build | Farm |
| 28:12 | Build | Farm |
| 28:13 | Create | Villager (Male) |
| 28:14 | Create | Villager (Male) |
| 28:15 | Build | Farm |
| 28:16 | Build | Farm |
| 28:16 | Build | Farm |
| 28:17 | Build | Farm |
| 28:18 | Create | Villager (Male) |
| 28:18 | Create | Villager (Male) |
| 28:19 | Create | Villager (Male) |
| 28:19 | Create | Villager (Male) |
| 28:19 | Create | Villager (Male) |
| 28:27 | Create | Mangonel |
| 29:00 | Build | House |
| 29:41 | Create | Villager (Male) |
| 29:41 | Create | Villager (Male) |
| 29:43 | Build | House |
| 29:44 | Create | Villager (Male) |
| 29:45 | Create | Villager (Male) |
| 29:46 | Create | Villager (Male) |
| 29:46 | Create | Villager (Male) |
| 29:47 | Create | Villager (Male) |
| 29:53 | Build | Lumber Camp |
| 29:55 | Create | Villager (Male) |
| 29:55 | Create | Villager (Male) |
| 30:07 | Build | House |
| 30:27 | Build | House |
| 30:29 | Create | Villager (Male) |
Build order — CTM | Benja FC
First 150 of 411 actions detected
| 0:02 | Create | Villager (Male) |
| 0:03 | Build | House |
| 0:06 | Build | House |
| 0:08 | Create | Villager (Male) |
| 0:15 | Create | Villager (Male) |
| 0:23 | Create | Villager (Male) |
| 0:43 | Build | Lumber Camp |
| 1:14 | Create | Villager (Male) |
| 1:52 | Create | Villager (Male) |
| 2:32 | Create | Villager (Male) |
| 2:36 | Create | Villager (Male) |
| 3:12 | Create | Villager (Male) |
| 3:18 | Create | Villager (Male) |
| 3:31 | Create | Villager (Male) |
| 3:51 | Build | House |
| 3:53 | Build | House |
| 4:00 | Create | Villager (Male) |
| 4:06 | Create | Villager (Male) |
| 4:30 | Create | Villager (Male) |
| 4:39 | Build | House |
| 5:28 | Create | Villager (Male) |
| 6:20 | Create | Villager (Male) |
| 6:31 | Build | Mill |
| 6:47 | Create | Villager (Male) |
| 7:14 | Create | Villager (Male) |
| 7:31 | Research | Feudal Age |
| 7:33 | Build | Mining Camp |
| 9:40 | Create | Villager (Male) |
| 9:49 | Age | Feudal Age |
| 9:54 | Build | Market |
| 9:57 | Build | Market |
| 10:04 | Build | Blacksmith |
| 10:15 | Create | Villager (Male) |
| 10:48 | Create | Villager (Male) |
| 11:37 | Research | Loom |
| 12:04 | Research | Castle Age |
| 12:33 | Create | Villager (Male) |
| 12:37 | Build | Barracks |
| 13:22 | Build | House |
| 13:31 | Research | Double-Bit Axe |
| 13:50 | Build | Stable |
| 14:08 | Create | Villager (Male) |
| 14:29 | Research | Forging |
| 14:40 | Create | Villager (Male) |
| 14:44 | Age | Castle Age |
| 15:05 | Create | Camel Scout |
| 15:13 | Build | House |
| 15:19 | Build | Farm |
| 15:28 | Create | Camel Scout |
| 16:02 | Create | Camel Scout |
| 16:02 | Create | Camel Scout |
| 16:09 | Create | Camel Scout |
| 16:10 | Create | Camel Scout |
| 16:16 | Build | Monastery |
| 16:43 | Create | Camel Scout |
| 16:43 | Create | Camel Scout |
| 16:50 | Research | Iron Casting |
| 17:01 | Create | Camel Scout |
| 17:01 | Create | Camel Scout |
| 17:08 | Build | Farm |
| 17:09 | Build | Farm |
| 17:28 | Create | Villager (Male) |
| 17:36 | Create | Villager (Male) |
| 17:39 | Build | House |
| 17:40 | Create | Monk |
| 17:40 | Create | Monk |
| 17:56 | Create | Villager (Male) |
| 17:59 | Build | House |
| 18:00 | Build | House |
| 18:04 | Build | Farm |
| 18:14 | Create | Villager (Male) |
| 18:29 | Build | Siege Workshop |
| 18:38 | Create | Villager (Male) |
| 18:44 | Create | Camel Scout |
| 18:45 | Create | Camel Scout |
| 18:55 | Create | Villager (Male) |
| 19:10 | Build | Farm |
| 19:14 | Build | Lumber Camp |
| 19:32 | Build | House |
| 19:40 | Create | Camel Scout |
| 20:05 | Create | Camel Scout |
| 20:15 | Build | House |
| 20:35 | Create | Villager (Male) |
| 20:41 | Build | Farm |
| 20:42 | Build | Farm |
| 20:42 | Build | Farm |
| 20:46 | Create | Monk |
| 21:02 | Create | Villager (Male) |
| 21:06 | Build | Town Center |
| 21:24 | Create | Villager (Male) |
| 21:27 | Build | House |
| 21:35 | Build | Farm |
| 21:35 | Build | Farm |
| 21:36 | Build | Farm |
| 21:36 | Build | Farm |
| 21:51 | Create | Villager (Male) |
| 22:06 | Build | Farm |
| 22:26 | Create | Villager (Male) |
| 22:35 | Create | Villager (Male) |
| 22:40 | Build | Farm |
| 22:41 | Build | Farm |
| 22:41 | Build | Farm |
| 22:41 | Build | Farm |
| 22:45 | Create | Camel Scout |
| 22:51 | Build | House |
| 23:11 | Create | Villager (Male) |
| 23:15 | Build | Farm |
| 23:30 | Create | Villager (Male) |
| 23:32 | Create | Villager (Male) |
| 23:35 | Build | Farm |
| 23:47 | Create | Villager (Male) |
| 23:47 | Create | Villager (Male) |
| 23:49 | Build | Mining Camp |
| 23:52 | Create | Villager (Male) |
| 23:59 | Build | Farm |
| 24:01 | Research | Scale Barding Armor |
| 24:17 | Create | Monk |
| 24:19 | Research | Sanctity |
| 24:22 | Create | Camel Scout |
| 24:23 | Create | Villager (Male) |
| 24:26 | Build | Town Center |
| 24:32 | Create | Villager (Male) |
| 24:36 | Build | Farm |
| 24:41 | Create | Villager (Male) |
| 24:43 | Build | House |
| 24:44 | Build | House |
| 25:04 | Create | Villager (Male) |
| 25:05 | Create | Villager (Male) |
| 25:07 | Build | Farm |
| 25:08 | Build | Farm |
| 25:22 | Build | Farm |
| 25:24 | Create | Villager (Male) |
| 25:24 | Create | Villager (Male) |
| 25:24 | Create | Villager (Male) |
| 25:28 | Create | Villager (Male) |
| 25:30 | Create | Villager (Male) |
| 25:34 | Create | Villager (Male) |
| 25:44 | Create | Villager (Male) |
| 25:45 | Create | Villager (Male) |
| 25:47 | Build | Farm |
| 25:55 | Research | Horse Collar |
| 26:00 | Create | Villager (Male) |
| 26:03 | Build | House |
| 26:05 | Build | House |
| 26:22 | Create | Villager (Male) |
| 26:27 | Create | Villager (Male) |
| 26:32 | Create | Villager (Male) |
| 26:37 | Research | Heavy Plow |
| 26:51 | Create | Villager (Male) |
| 26:54 | Build | Farm |
Build order — Great White Shark
First 150 of 351 actions detected
| 0:01 | Create | Villager (Male) |
| 0:02 | Create | Villager (Male) |
| 0:02 | Create | Villager (Male) |
| 0:02 | Create | Villager (Male) |
| 0:03 | Build | House |
| 0:06 | Build | House |
| 1:22 | Create | Villager (Male) |
| 1:52 | Build | Settlement |
| 1:55 | Create | Villager (Male) |
| 2:20 | Create | Villager (Male) |
| 2:20 | Create | Villager (Male) |
| 3:06 | Create | Villager (Male) |
| 3:49 | Create | Villager (Male) |
| 3:51 | Create | Villager (Male) |
| 3:52 | Create | Villager (Male) |
| 4:40 | Create | Villager (Male) |
| 4:40 | Create | Villager (Male) |
| 5:31 | Create | Villager (Male) |
| 5:47 | Build | Barracks |
| 6:10 | Build | Settlement |
| 6:30 | Create | Villager (Male) |
| 6:30 | Create | Villager (Male) |
| 6:54 | Create | Unit 2550 |
| 6:55 | Create | Unit 2550 |
| 6:57 | Create | Unit 2550 |
| 7:01 | Create | Villager (Male) |
| 7:24 | Create | Unit 2550 |
| 7:36 | Create | Villager (Male) |
| 8:03 | Create | Unit 2550 |
| 8:04 | Create | Villager (Male) |
| 8:13 | Create | Villager (Male) |
| 8:38 | Create | Villager (Male) |
| 9:05 | Create | Unit 2550 |
| 9:42 | Create | Unit 2550 |
| 9:51 | Create | Villager (Male) |
| 9:52 | Create | Villager (Male) |
| 9:52 | Create | Villager (Male) |
| 10:41 | Create | Unit 2550 |
| 10:46 | Create | Villager (Male) |
| 11:33 | Create | Villager (Male) |
| 11:34 | Create | Villager (Male) |
| 11:44 | Build | Farm |
| 11:48 | Build | Farm |
| 11:50 | Build | Farm |
| 12:03 | Research | Feudal Age |
| 12:12 | Build | Farm |
| 12:13 | Build | Farm |
| 12:16 | Build | Farm |
| 12:17 | Build | Farm |
| 12:18 | Create | Unit 2550 |
| 12:48 | Create | Villager (Male) |
| 13:05 | Build | Outpost |
| 13:16 | Build | Farm |
| 13:16 | Build | Farm |
| 13:18 | Build | Farm |
| 13:39 | Build | Farm |
| 13:42 | Build | Farm |
| 13:44 | Create | Villager (Male) |
| 13:55 | Create | Unit 2550 |
| 13:55 | Create | Unit 2550 |
| 13:56 | Create | Unit 2550 |
| 14:04 | Build | Farm |
| 14:05 | Build | Farm |
| 14:06 | Build | Farm |
| 14:07 | Build | Farm |
| 14:08 | Create | Villager (Male) |
| 14:13 | Age | Feudal Age |
| 14:14 | Research | Double-Bit Axe |
| 14:15 | Research | Horse Collar |
| 14:18 | Research | Tech 1402 |
| 14:28 | Build | Blacksmith |
| 14:51 | Create | Unit 2550 |
| 14:59 | Research | Loom |
| 14:59 | Create | Villager (Male) |
| 15:08 | Create | Villager (Male) |
| 15:11 | Research | Forging |
| 15:12 | Research | Scale Mail Armor |
| 15:23 | Create | Unit 2550 |
| 15:26 | Create | Unit 2550 |
| 15:53 | Create | Villager (Male) |
| 15:56 | Build | Farm |
| 16:21 | Research | Arson |
| 16:24 | Create | Unit 2550 |
| 16:25 | Create | Unit 2550 |
| 16:33 | Build | House |
| 16:58 | Build | Outpost |
| 17:06 | Research | Wheelbarrow |
| 17:07 | Create | Villager (Male) |
| 17:13 | Build | Farm |
| 17:15 | Create | Unit 2550 |
| 17:42 | Build | Barracks |
| 18:10 | Create | Villager (Male) |
| 18:13 | Create | Spearman |
| 18:13 | Create | Spearman |
| 18:13 | Create | Spearman |
| 18:13 | Create | Spearman |
| 18:34 | Create | Spearman |
| 18:35 | Create | Spearman |
| 18:35 | Create | Spearman |
| 19:08 | Create | Spearman |
| 19:08 | Create | Spearman |
| 19:08 | Create | Spearman |
| 19:29 | Create | Spearman |
| 19:29 | Create | Spearman |
| 19:29 | Create | Spearman |
| 19:35 | Create | Villager (Male) |
| 19:36 | Create | Villager (Male) |
| 19:36 | Create | Villager (Male) |
| 19:41 | Build | House |
| 19:42 | Build | House |
| 19:45 | Research | Town Watch |
| 19:46 | Create | Villager (Male) |
| 19:46 | Create | Villager (Male) |
| 20:10 | Create | Spearman |
| 20:11 | Create | Spearman |
| 21:14 | Create | Villager (Male) |
| 21:14 | Create | Villager (Male) |
| 21:15 | Create | Villager (Male) |
| 21:26 | Build | Market |
| 21:51 | Create | Spearman |
| 21:51 | Create | Spearman |
| 22:14 | Create | Spearman |
| 22:14 | Create | Spearman |
| 22:16 | Research | Castle Age |
| 22:20 | Build | Farm |
| 22:25 | Build | Farm |
| 22:39 | Create | Spearman |
| 22:39 | Create | Spearman |
| 22:40 | Create | Spearman |
| 22:40 | Create | Spearman |
| 22:40 | Create | Spearman |
| 22:41 | Create | Spearman |
| 22:53 | Build | Barracks |
| 23:01 | Build | Settlement |
| 23:15 | Create | Spearman |
| 23:15 | Create | Spearman |
| 23:15 | Create | Spearman |
| 23:34 | Create | Spearman |
| 23:37 | Create | Spearman |
| 23:37 | Create | Spearman |
| 23:37 | Create | Spearman |
| 23:45 | Build | Barracks |
| 24:19 | Create | Spearman |
| 24:19 | Create | Spearman |
| 24:19 | Create | Spearman |
| 24:19 | Create | Spearman |
| 24:35 | Build | Settlement |
| 24:40 | Build | House |
| 24:41 | Build | House |
| 24:42 | Build | House |
Build order — CTM | SamDestroyer
142 actions detected in the replay
| 0:03 | Create | Villager (Male) |
| 0:03 | Create | Villager (Male) |
| 0:05 | Build | House |
| 0:06 | Build | House |
| 0:12 | Create | Villager (Male) |
| 0:12 | Create | Villager (Male) |
| 1:33 | Create | Villager (Male) |
| 1:33 | Create | Villager (Male) |
| 1:33 | Create | Villager (Male) |
| 2:03 | Create | Villager (Male) |
| 2:03 | Create | Villager (Male) |
| 2:23 | Create | Villager (Male) |
| 2:23 | Create | Villager (Male) |
| 2:24 | Create | Villager (Male) |
| 2:46 | Build | House |
| 2:50 | Build | Lumber Camp |
| 2:52 | Create | Villager (Male) |
| 2:52 | Create | Villager (Male) |
| 2:53 | Create | Villager (Male) |
| 3:07 | Create | Villager (Male) |
| 3:08 | Create | Villager (Male) |
| 3:26 | Create | Villager (Male) |
| 3:27 | Create | Villager (Male) |
| 3:33 | Create | Villager (Male) |
| 3:34 | Create | Villager (Male) |
| 3:34 | Create | Villager (Male) |
| 4:16 | Create | Villager (Male) |
| 4:16 | Create | Villager (Male) |
| 4:51 | Create | Villager (Male) |
| 4:51 | Create | Villager (Male) |
| 4:52 | Create | Villager (Male) |
| 4:56 | Create | Villager (Male) |
| 5:04 | Build | House |
| 6:48 | Research | Loom |
| 6:48 | Research | Loom |
| 9:14 | Build | Town Center |
| 9:44 | Create | Villager (Male) ×5 |
| 9:44 | Create | Villager (Male) ×5 |
| 10:30 | Build | Town Center |
| 10:42 | Build | Town Center |
| 11:30 | Create | Villager (Male) |
| 11:31 | Create | Villager (Male) |
| 11:31 | Create | Villager (Male) |
| 11:31 | Create | Villager (Male) |
| 11:31 | Create | Villager (Male) |
| 11:32 | Create | Villager (Male) |
| 11:37 | Create | Villager (Male) |
| 11:37 | Create | Villager (Male) |
| 13:24 | Build | Palisade Wall |
| 13:25 | Build | Palisade Wall |
| 13:26 | Build | Palisade Wall |
| 13:45 | Build | Mill |
| 15:43 | Create | Villager (Male) |
| 15:43 | Create | Villager (Male) |
| 15:43 | Create | Villager (Male) |
| 16:56 | Create | Villager (Male) |
| 17:27 | Create | Villager (Male) |
| 17:28 | Create | Villager (Male) |
| 18:40 | Create | Villager (Male) |
| 18:41 | Create | Villager (Male) |
| 18:49 | Build | House |
| 19:21 | Create | Villager (Male) |
| 19:21 | Create | Villager (Male) |
| 19:51 | Create | Villager (Male) |
| 19:52 | Create | Villager (Male) |
| 19:52 | Create | Villager (Male) |
| 20:24 | Build | Palisade Gate |
| 20:37 | Create | Villager (Male) |
| 21:10 | Create | Villager (Male) |
| 21:11 | Create | Villager (Male) |
| 21:17 | Build | House |
| 21:34 | Create | Villager (Male) |
| 21:34 | Create | Villager (Male) |
| 21:35 | Create | Villager (Male) |
| 22:56 | Build | Town Center |
| 23:27 | Create | Villager (Male) |
| 23:27 | Create | Villager (Male) |
| 23:59 | Create | Villager (Male) |
| 24:00 | Create | Villager (Male) |
| 24:19 | Create | Villager (Male) |
| 24:20 | Create | Villager (Male) |
| 25:05 | Create | Villager (Male) |
| 25:05 | Create | Villager (Male) |
| 25:17 | Build | Lumber Camp |
| 25:32 | Build | Farm |
| 25:33 | Build | Farm |
| 25:33 | Build | Farm |
| 25:33 | Build | Farm |
| 25:33 | Build | Farm |
| 25:33 | Build | Farm |
| 25:34 | Build | Farm |
| 25:34 | Build | Farm |
| 25:34 | Build | Farm |
| 25:34 | Build | Farm |
| 25:50 | Build | Outpost |
| 25:55 | Create | Villager (Male) |
| 26:10 | Build | House |
| 26:29 | Build | Farm |
| 26:30 | Build | Farm |
| 26:34 | Build | Farm |
| 26:37 | Build | Farm |
| 26:48 | Build | Mill |
| 26:51 | Create | Villager (Male) |
| 26:51 | Create | Villager (Male) |
| 26:55 | Build | House |
| 27:01 | Build | Farm |
| 27:08 | Build | House |
| 27:08 | Build | House |
| 27:09 | Build | House |
| 27:11 | Create | Villager (Male) |
| 27:47 | Build | Lumber Camp |
| 27:52 | Create | Villager (Male) |
| 28:24 | Create | Villager (Male) |
| 28:59 | Create | Villager (Male) |
| 29:00 | Create | Villager (Male) |
| 30:32 | Build | Palisade Wall |
| 31:09 | Build | Town Center |
| 31:23 | Build | House |
| 31:24 | Build | House |
| 31:52 | Research | Feudal Age |
| 32:09 | Build | Mining Camp |
| 32:15 | Build | Farm |
| 32:15 | Build | Farm |
| 32:15 | Build | Farm |
| 32:15 | Build | Farm |
| 32:15 | Build | Farm |
| 32:16 | Build | Farm |
| 32:16 | Build | Farm |
| 32:16 | Build | Farm |
| 32:25 | Build | Mill |
| 32:26 | Create | Villager (Male) |
| 32:26 | Create | Villager (Male) |
| 32:40 | Build | Outpost |
| 32:47 | Build | Outpost |
| 32:49 | Build | Outpost |
| 32:57 | Build | House |
| 34:02 | Age | Feudal Age |
| 36:22 | Build | Palisade Gate |
| 36:43 | Build | House |
| 37:47 | Research | Double-Bit Axe |
| 37:47 | Research | Double-Bit Axe |
| 38:17 | Build | Lumber Camp |
Build order — Nameho
First 150 of 279 actions detected
| 0:00 | Create | Villager (Male) |
| 0:01 | Create | Villager (Male) |
| 0:02 | Build | House |
| 0:05 | Build | House |
| 0:11 | Create | Villager (Male) |
| 0:12 | Create | Villager (Male) |
| 1:29 | Create | Villager (Male) |
| 1:57 | Build | Lumber Camp |
| 2:09 | Create | Villager (Male) |
| 2:09 | Create | Villager (Male) |
| 2:57 | Create | Villager (Male) |
| 3:08 | Create | Villager (Male) |
| 3:22 | Create | Villager (Male) |
| 4:11 | Create | Villager (Male) |
| 4:20 | Build | House |
| 4:40 | Create | Villager (Male) |
| 4:41 | Create | Villager (Male) |
| 4:51 | Build | House |
| 4:56 | Create | Villager (Male) |
| 5:18 | Create | Villager (Male) |
| 5:30 | Create | Villager (Male) |
| 6:06 | Create | Villager (Male) |
| 6:36 | Build | Mill |
| 6:51 | Create | Villager (Male) |
| 7:32 | Create | Villager (Male) |
| 7:46 | Create | Villager (Male) |
| 7:49 | Build | Mining Camp |
| 8:22 | Create | Villager (Male) |
| 8:42 | Create | Villager (Male) |
| 8:42 | Create | Villager (Male) |
| 8:55 | Create | Villager (Male) |
| 9:00 | Research | Feudal Age |
| 9:03 | Build | Farm |
| 11:10 | Age | Feudal Age |
| 11:43 | Research | Castle Age |
| 11:54 | Build | Stable |
| 12:12 | Build | Farm |
| 12:13 | Build | Farm |
| 12:18 | Research | Double-Bit Axe |
| 13:34 | Build | House |
| 13:44 | Build | Blacksmith |
| 14:22 | Build | House |
| 14:23 | Age | Castle Age |
| 14:24 | Create | Battle Elephant |
| 14:29 | Build | Stable |
| 14:32 | Create | Villager (Male) |
| 14:33 | Create | Villager (Male) |
| 14:36 | Research | Loom |
| 14:40 | Research | Scale Barding Armor |
| 14:50 | Create | Battle Elephant |
| 15:27 | Create | Battle Elephant |
| 15:27 | Create | Battle Elephant |
| 15:50 | Build | Farm |
| 15:51 | Build | Farm |
| 15:52 | Build | Farm |
| 15:58 | Build | Farm |
| 16:03 | Create | Villager (Male) |
| 16:10 | Build | Farm |
| 16:11 | Build | Farm |
| 17:03 | Create | Knight |
| 17:03 | Create | Knight |
| 17:03 | Create | Knight |
| 17:30 | Create | Villager (Male) |
| 17:30 | Create | Villager (Male) |
| 17:41 | Create | Villager (Male) |
| 17:46 | Build | Town Center |
| 17:52 | Build | Farm |
| 17:52 | Build | Farm |
| 17:52 | Build | Farm |
| 17:53 | Build | Farm |
| 17:53 | Build | Farm |
| 17:53 | Build | Farm |
| 18:58 | Build | Farm |
| 19:15 | Research | Forging |
| 19:41 | Create | Knight |
| 19:41 | Create | Knight |
| 19:42 | Create | Knight |
| 20:23 | Create | Villager (Male) |
| 20:23 | Create | Villager (Male) |
| 20:24 | Create | Villager (Male) |
| 20:33 | Create | Villager (Male) |
| 20:34 | Create | Villager (Male) |
| 20:48 | Create | Villager (Male) |
| 20:49 | Create | Villager (Male) |
| 20:49 | Create | Villager (Male) |
| 20:53 | Build | Farm |
| 20:58 | Build | Mining Camp |
| 21:02 | Build | Mining Camp |
| 21:33 | Build | House |
| 22:15 | Build | Gate |
| 22:19 | Build | Stone Wall |
| 22:31 | Build | Stone Wall |
| 22:35 | Create | Villager (Male) |
| 22:36 | Create | Villager (Male) |
| 22:36 | Create | Villager (Male) |
| 22:44 | Build | Market |
| 23:40 | Create | Villager (Male) |
| 23:40 | Create | Villager (Male) |
| 23:40 | Create | Villager (Male) |
| 23:43 | Build | Barracks |
| 23:59 | Build | Castle |
| 24:08 | Build | House |
| 24:09 | Create | Villager (Male) |
| 24:09 | Create | Villager (Male) |
| 24:10 | Create | Villager (Male) |
| 24:10 | Create | Villager (Male) |
| 24:33 | Build | House |
| 24:36 | Build | House |
| 24:41 | Build | House |
| 24:42 | Create | Villager (Male) |
| 24:43 | Create | Villager (Male) |
| 24:43 | Create | Villager (Male) |
| 24:43 | Create | Villager (Male) |
| 24:44 | Create | Villager (Male) |
| 24:53 | Build | House |
| 25:00 | Build | House |
| 25:15 | Build | Farm |
| 25:31 | Build | Siege Workshop |
| 25:45 | Build | Stable |
| 25:48 | Create | Villager (Male) |
| 25:49 | Create | Villager (Male) |
| 25:55 | Build | Farm |
| 25:57 | Build | Farm |
| 25:58 | Build | Farm |
| 26:06 | Create | Villager (Male) |
| 26:19 | Build | Farm |
| 26:20 | Build | Farm |
| 26:32 | Create | Villager (Male) |
| 26:37 | Build | Farm |
| 26:48 | Create | Mangonel |
| 27:12 | Create | Mangonel |
| 27:29 | Create | Villager (Male) |
| 27:29 | Create | Villager (Male) |
| 27:58 | Build | Town Center |
| 28:20 | Build | House |
| 28:21 | Build | House |
| 28:25 | Create | Villager (Male) |
| 28:25 | Create | Villager (Male) |
| 28:25 | Create | Villager (Male) |
| 28:34 | Create | Villager (Male) |
| 28:35 | Create | Villager (Male) |
| 28:35 | Create | Villager (Male) |
| 28:35 | Create | Villager (Male) |
| 28:36 | Create | Villager (Male) |
| 29:01 | Create | Knight |
| 29:02 | Create | Knight |
| 29:02 | Create | Knight |
| 29:29 | Build | Farm |
| 29:31 | Build | Farm |
| 29:32 | Build | Farm |
Build order — CTM | Franco*
First 150 of 178 actions detected
| 0:01 | Create | Villager (Male) |
| 0:01 | Create | Villager (Male) |
| 0:01 | Create | Villager (Male) |
| 0:02 | Create | Villager (Male) |
| 0:03 | Build | House |
| 0:06 | Build | House |
| 1:26 | Create | Villager (Male) |
| 1:27 | Create | Villager (Male) |
| 1:57 | Create | Villager (Male) |
| 1:57 | Create | Villager (Male) |
| 2:17 | Build | Lumber Camp |
| 2:20 | Create | Villager (Male) |
| 2:21 | Create | Villager (Male) |
| 2:35 | Create | Villager (Male) |
| 2:35 | Create | Villager (Male) |
| 3:13 | Create | Villager (Male) |
| 3:51 | Create | Villager (Male) |
| 3:52 | Create | Villager (Male) |
| 4:11 | Create | Villager (Male) |
| 4:46 | Build | House |
| 4:48 | Build | House |
| 5:44 | Create | Villager (Male) |
| 5:56 | Build | House |
| 6:09 | Create | Villager (Male) |
| 6:19 | Build | Mining Camp |
| 6:21 | Create | Villager (Male) |
| 6:34 | Build | Mill |
| 6:50 | Create | Villager (Male) |
| 7:05 | Create | Villager (Male) |
| 7:36 | Create | Villager (Male) |
| 7:52 | Create | Villager (Male) |
| 8:33 | Research | Feudal Age |
| 9:30 | Research | Loom |
| 10:51 | Age | Feudal Age |
| 11:41 | Build | Stable |
| 11:49 | Build | Farm |
| 11:51 | Build | Farm |
| 11:53 | Build | Farm |
| 11:57 | Build | Farm |
| 12:05 | Research | Castle Age |
| 12:32 | Build | Farm |
| 12:33 | Build | Farm |
| 12:34 | Build | Farm |
| 12:36 | Build | Farm |
| 13:01 | Build | Farm |
| 13:31 | Research | Horse Collar |
| 14:17 | Build | House |
| 14:18 | Build | House |
| 14:45 | Age | Castle Age |
| 14:47 | Create | Knight |
| 14:47 | Create | Knight |
| 14:48 | Create | Knight |
| 14:48 | Create | Knight |
| 14:54 | Create | Villager (Male) |
| 14:55 | Create | Villager (Male) |
| 15:26 | Create | Villager (Male) |
| 15:26 | Create | Villager (Male) |
| 15:39 | Create | Knight |
| 15:40 | Create | Knight |
| 16:30 | Research | Bloodlines |
| 16:37 | Research | Heavy Plow |
| 16:37 | Create | Villager (Male) |
| 16:38 | Create | Villager (Male) |
| 16:41 | Build | House |
| 16:42 | Build | House |
| 17:05 | Create | Villager (Male) |
| 17:31 | Create | Knight |
| 17:41 | Build | Blacksmith |
| 17:52 | Create | Villager (Male) |
| 17:55 | Build | Farm |
| 17:57 | Create | Villager (Male) |
| 18:08 | Create | Knight |
| 18:22 | Create | Villager (Male) |
| 18:24 | Build | Farm |
| 18:37 | Create | Villager (Male) |
| 19:16 | Research | Scale Barding Armor |
| 19:19 | Build | House |
| 19:20 | Build | House |
| 19:26 | Create | Villager (Male) |
| 19:29 | Build | Farm |
| 19:31 | Build | Farm |
| 19:45 | Create | Knight |
| 19:46 | Create | Knight |
| 21:11 | Build | Farm |
| 21:18 | Build | Mining Camp |
| 21:18 | Create | Villager (Male) |
| 21:18 | Create | Villager (Male) |
| 21:19 | Create | Villager (Male) |
| 21:19 | Create | Villager (Male) |
| 21:24 | Research | Double-Bit Axe |
| 21:34 | Create | Knight |
| 21:35 | Create | Knight |
| 21:55 | Create | Villager (Male) |
| 21:58 | Build | Farm |
| 22:18 | Create | Villager (Male) |
| 22:25 | Research | Stone Mining |
| 22:31 | Create | Knight |
| 22:31 | Create | Knight |
| 22:53 | Build | Siege Workshop |
| 22:57 | Create | Villager (Male) |
| 23:12 | Create | Villager (Male) |
| 23:35 | Create | Mangonel |
| 23:43 | Build | Stone Wall |
| 23:48 | Build | Gate |
| 23:49 | Create | Villager (Male) |
| 23:52 | Create | Villager (Male) |
| 23:56 | Create | Mangonel |
| 24:09 | Research | Chain Barding Armor |
| 24:10 | Create | Villager (Male) |
| 24:16 | Create | Villager (Male) |
| 24:28 | Create | Villager (Male) |
| 24:36 | Build | Stone Wall |
| 24:39 | Build | House |
| 24:40 | Build | House |
| 24:47 | Create | Knight |
| 25:13 | Build | House |
| 25:17 | Create | Mangonel |
| 25:46 | Create | Mangonel |
| 25:52 | Build | House |
| 26:01 | Research | Gold Mining |
| 26:04 | Create | Villager (Male) |
| 26:10 | Build | Stone Wall |
| 26:14 | Build | House |
| 26:18 | Build | House |
| 26:27 | Build | House |
| 26:31 | Build | Stone Wall |
| 26:32 | Build | Stone Wall |
| 26:36 | Build | Stone Wall |
| 26:47 | Create | Scorpion |
| 26:47 | Create | Scorpion |
| 26:57 | Build | Stone Wall |
| 26:58 | Build | Stone Wall |
| 27:00 | Build | Stone Wall |
| 27:02 | Build | Stone Wall |
| 28:01 | Create | Mangonel |
| 28:01 | Create | Mangonel |
| 28:49 | Research | Forging |
| 29:11 | Build | Castle |
| 30:16 | Research | Gold Shaft Mining |
| 30:17 | Research | Stone Shaft Mining |
| 31:43 | Build | Lumber Camp |
| 32:11 | Build | Market |
| 32:42 | Build | Stone Wall |
| 33:18 | Build | Stone Wall |
| 33:32 | Create | Ballista Elephant |
| 33:33 | Create | Ballista Elephant |
| 34:47 | Build | Farm |
| 34:49 | Build | Farm |
| 34:50 | Build | Farm |
| 34:51 | Build | Farm |
Build order — `Szadek-
48 actions detected in the replay
| 0:01 | Create | Villager (Male) |
| 0:03 | Build | House |
| 0:05 | Build | House |
| 0:23 | Create | Villager (Male) |
| 0:30 | Create | Villager (Male) |
| 0:41 | Create | Villager (Male) |
| 0:57 | Build | House |
| 1:06 | Build | House |
| 1:07 | Build | House |
| 1:34 | Create | Villager (Male) |
| 2:19 | Create | Villager (Male) |
| 2:29 | Build | Lumber Camp |
| 2:31 | Create | Villager (Male) |
| 3:03 | Create | Villager (Male) |
| 3:27 | Create | Villager (Male) |
| 3:59 | Create | Villager (Male) |
| 4:19 | Create | Villager (Male) |
| 4:40 | Create | Villager (Male) |
| 5:02 | Create | Villager (Male) |
| 5:12 | Create | Villager (Male) |
| 5:35 | Create | Villager (Male) |
| 6:02 | Create | Villager (Male) |
| 7:33 | Create | Villager (Male) |
| 7:50 | Create | Villager (Male) |
| 7:50 | Create | Villager (Male) |
| 7:54 | Create | Villager (Male) |
| 7:55 | Create | Villager (Male) |
| 8:32 | Build | Mill |
| 8:42 | Create | Villager (Male) |
| 9:05 | Create | Villager (Male) |
| 9:58 | Create | Villager (Male) |
| 9:58 | Create | Villager (Male) |
| 9:59 | Create | Villager (Male) |
| 10:10 | Build | Barracks |
| 10:13 | Build | House |
| 10:40 | Create | Villager (Male) |
| 10:46 | Build | House |
| 11:44 | Create | Militia ×2 |
| 11:57 | Build | Farm |
| 13:07 | Create | Villager (Male) |
| 13:08 | Create | Villager (Male) |
| 13:22 | Build | Farm |
| 14:36 | Build | Farm |
| 14:42 | Create | Villager (Male) |
| 15:50 | Research | Loom |
| 15:51 | Create | Villager (Male) |
| 16:55 | Create | Villager (Male) |
| 18:50 | Create | Villager (Male) |
Match timeline
| 5:47 | Great White Shark · first_building Barracks |
| 9:21 | PSX | King · age_up feudal |
| 9:49 | CTM | Benja FC · age_up feudal |
| 10:07 | Aspirante · age_up feudal |
| 10:10 | `Szadek- · first_building Barracks |
| 10:26 | PSX | King · wall_segment Palisade Wall x1 |
| 10:27 | PSX | King · wall_segment Palisade Wall x1 |
| 10:51 | CTM | Franco* · age_up feudal |
| 11:07 | PSX | King · wall_segment Palisade Wall x1 |
| 11:08 | PSX | King · wall_segment Palisade Wall x1 |
| 11:09 | PSX | King · wall_segment Palisade Wall x1 |
| 11:09 | PSX | King · wall_segment Palisade Wall x1 |
| 11:10 | Nameho · age_up feudal |
| 11:26 | PSX | King · wall_segment Palisade Wall x1 |
| 11:26 | PSX | King · wall_segment Palisade Wall x1 |
| 11:29 | PSX | King · wall_segment Palisade Wall x1 |
| 11:30 | PSX | King · wall_segment Palisade Wall x1 |
| 11:31 | PSX | King · wall_segment Palisade Wall x1 |
| 11:41 | CTM | Franco* · first_building Stable |
| 11:54 | CTM | Benja FC · first_market_sell 100 wood |
| 11:54 | Nameho · first_building Stable |
| 11:55 | CTM | Benja FC · first_market_buy 100 food |
| 12:37 | CTM | Benja FC · first_building Barracks |
| 13:22 | Aspirante · age_up castle |
| 13:24 | CTM | SamDestroyer · wall_segment Palisade Wall x2 |
| 13:25 | Aspirante · first_building Siege Workshop |
| 13:25 | CTM | SamDestroyer · wall_segment Palisade Wall x4 |
| 13:26 | CTM | SamDestroyer · wall_segment Palisade Wall x4 |
| 13:50 | CTM | Benja FC · first_building Stable |
| 14:13 | Great White Shark · age_up feudal |
| 14:23 | Nameho · age_up castle |
| 14:44 | CTM | Benja FC · age_up castle |
| 14:45 | CTM | Franco* · age_up castle |
| 16:16 | CTM | Benja FC · first_building Monastery |
| 16:29 | PSX | King · wall_segment Stone Wall x1 |
| 16:43 | PSX | King · wall_segment Palisade Wall x1 |
| 16:45 | PSX | King · wall_segment Stone Wall x1 |
| 16:47 | PSX | King · wall_segment Stone Wall x1 |
| 16:51 | PSX | King · wall_segment Palisade Wall x1 |
| 17:29 | Aspirante · first_building Monastery |
| 17:56 | PSX | King · wall_segment Stone Wall x1 |
| 17:58 | PSX | King · wall_segment Stone Wall x1 |
| 18:29 | CTM | Benja FC · first_building Siege Workshop |
| 20:49 | PSX | King · age_up castle |
| 21:57 | `Szadek- · resign |
| 22:19 | Nameho · wall_segment Stone Wall x10 |
| 22:31 | Nameho · wall_segment Stone Wall x6 |
| 22:53 | CTM | Franco* · first_building Siege Workshop |
| 23:43 | Nameho · first_building Barracks |
| 23:43 | CTM | Franco* · wall_segment Stone Wall x12 |
| 23:51 | Nameho · first_market_buy 100 stone |
| 23:59 | Nameho · first_building Castle |
| 24:36 | CTM | Franco* · wall_segment Stone Wall x3 |
| 24:57 | Great White Shark · age_up castle |
| 25:31 | Nameho · first_building Siege Workshop |
| 26:10 | CTM | Franco* · wall_segment Stone Wall x1 |
| 26:31 | CTM | Franco* · wall_segment Stone Wall x1 |
| 26:32 | CTM | Franco* · wall_segment Stone Wall x1 |
| 26:36 | CTM | Franco* · wall_segment Stone Wall x1 |
| 26:57 | CTM | Franco* · wall_segment Stone Wall x1 |
| 26:58 | CTM | Franco* · wall_segment Stone Wall x1 |
| 27:00 | CTM | Franco* · wall_segment Stone Wall x1 |
| 27:02 | CTM | Franco* · wall_segment Stone Wall x1 |
| 28:55 | CTM | Benja FC · tribute_sent a jugador 1 |
| 28:55 | CTM | Benja FC · tribute_sent a jugador 3 |
| 28:55 | CTM | Benja FC · tribute_sent a jugador 4 |
| 28:55 | CTM | Benja FC · tribute_sent a jugador 5 |
| 28:55 | CTM | Benja FC · tribute_sent a jugador 6 |
| 28:55 | CTM | Benja FC · tribute_sent a jugador 7 |
| 28:55 | CTM | Benja FC · tribute_sent a jugador 8 |
| 29:11 | CTM | Franco* · first_building Castle |
| 29:40 | PSX | King · first_building Siege Workshop |
| 30:32 | CTM | SamDestroyer · wall_segment Palisade Wall x1 |
| 31:09 | CTM | Benja FC · tribute_sent a jugador 1 |
| 31:09 | CTM | Benja FC · tribute_sent a jugador 3 |
| 31:09 | CTM | Benja FC · tribute_sent a jugador 4 |
| 31:09 | CTM | Benja FC · tribute_sent a jugador 5 |
| 31:09 | CTM | Benja FC · tribute_sent a jugador 6 |
| 31:09 | CTM | Benja FC · tribute_sent a jugador 7 |
| 31:09 | CTM | Benja FC · tribute_sent a jugador 8 |
| 32:28 | PSX | King · first_building Barracks |
| 32:42 | CTM | Franco* · wall_segment Stone Wall x1 |
| 33:04 | PSX | King · first_building Archery Range |
| 33:18 | CTM | Franco* · wall_segment Stone Wall x1 |
| 33:26 | CTM | Franco* · first_market_sell 100 wood |
| 33:36 | PSX | King · first_market_sell 100 food |
| 33:37 | PSX | King · first_market_buy 100 wood |
| 34:02 | CTM | SamDestroyer · age_up feudal |
| 34:17 | CTM | Benja FC · first_building Castle |
| 35:18 | Great White Shark · first_market_sell 500 wood |
| 35:28 | PSX | King · wall_segment Stone Wall x9 |
| 35:32 | PSX | King · wall_segment Stone Wall x3 |
| 36:01 | Great White Shark · first_market_buy 100 wood |
| 36:05 | Great White Shark · first_building Monastery |
| 36:55 | CTM | Benja FC · wall_segment Palisade Wall x1 |
| 37:30 | CTM | Franco* · wall_segment Stone Wall x1 |
| 38:58 | Aspirante · first_building Stable |
| 39:27 | CTM | Benja FC · tribute_sent a jugador 1 |
| 39:27 | CTM | Benja FC · tribute_sent a jugador 3 |
| 39:27 | CTM | Benja FC · tribute_sent a jugador 4 |
| 39:27 | CTM | Benja FC · tribute_sent a jugador 5 |
| 39:27 | CTM | Benja FC · tribute_sent a jugador 6 |
| 39:27 | CTM | Benja FC · tribute_sent a jugador 7 |
| 39:27 | CTM | Benja FC · tribute_sent a jugador 8 |
| 39:29 | Aspirante · first_building Castle |
| 39:39 | CTM | Benja FC · wall_segment Stone Wall x1 |
| 39:44 | CTM | Benja FC · wall_segment Stone Wall x1 |
| 39:55 | Great White Shark · age_up imperial |
| 40:08 | Great White Shark · tribute_sent a jugador 1 |
| 40:08 | Great White Shark · tribute_sent a jugador 2 |
| 40:08 | Great White Shark · tribute_sent a jugador 4 |
| 40:08 | Great White Shark · tribute_sent a jugador 5 |
| 40:08 | Great White Shark · tribute_sent a jugador 6 |
| 40:08 | Great White Shark · tribute_sent a jugador 7 |
| 40:08 | Great White Shark · tribute_sent a jugador 8 |
| 40:44 | Nameho · first_market_sell 100 wood |
| 41:58 | Aspirante · age_up imperial |
| 42:40 | CTM | Benja FC · tribute_sent a jugador 1 |
| 42:40 | CTM | Benja FC · tribute_sent a jugador 3 |
| 42:40 | CTM | Benja FC · tribute_sent a jugador 4 |
| 42:40 | CTM | Benja FC · tribute_sent a jugador 5 |
| 42:40 | CTM | Benja FC · tribute_sent a jugador 6 |
| 42:40 | CTM | Benja FC · tribute_sent a jugador 7 |
| 42:40 | CTM | Benja FC · tribute_sent a jugador 8 |
| 43:45 | Great White Shark · first_building Castle |
| 44:10 | Nameho · age_up imperial |
[ AI ANALYSIS · 1 CREDIT ]
What really happened in this match?
Wolo.gg analyzes every decision: build order, eco, micro, common mistakes by bracket. Personalized analysis on WhatsApp or Discord in 30 seconds.
Civ guide
Koreans
Perfil
Jugador #9733677